AoeStats
← wang

Hideout

508823287Analyzed
1v1 RM · 8d ago on Sep 24, 2026· 40m 56s· 2 players
Game mode
Random Map
Map size
Tiny (2 player)
Population
200
Speed
Normal
Resources
Standard
Victory
Conquest
Starting age
Dark Age
Ending age
Imperial Age
RankedLock teamsTeams togetherTeam positionsShared explorationLock speedFull tech treeHidden civsTurbo modeCheats
Victory
Defeat
🇨🇳 Slavs · China
471
+18
🇧🇷 Spanish · Brazil
507
-18
wang
10:18 Feudal Age
16:01 Castle Age
14:20 Horse Collar
14:39 Double-Bit Axe
28:54 Imperial Age
29:05 Wheelbarrow
28:18 Town Watch
28:53 Bow Saw
28:48 Heavy Plow
30:03 Hand Cart
29:35 Loom
29:59 Gold Mining
30:03 Stone Mining
30:16 Town Patrol
31:18 Detinets
31:43 Detinets
33:32 Gold Shaft Mining
32:42 Man-at-Arms
33:28 Druzhina
36:18 Two-Man Saw
35:52 Crop Rotation
35:42 Forging
35:33 Scale Mail Armor
35:38 Scale Barding Armor
35:02 Long Swordsman
35:05 Elite Boyar
37:42 Chemistry
37:03 Ballistics
36:52 Siege Engineers
37:37 Iron Casting
37:18 Redemption
37:09 Atonement
37:02 Capped Ram
37:05 Two-Handed Swordsman
38:46 Siege Ram
38:51 Champion
39:56 Conscription
41:33 Blast Furnace
40:48 Chain Mail Armor
40:54 Chain Barding Armor
40:59 Sanctity
40:40 Devotion
41:07 Illumination
40:58 Block Printing
41:19 Theocracy
40:39 Herbal Medicine
Rahdwiin
Connection lost

Rejoining the realm…

Still unreachable

The connection could not be restored.

Session expired

The server has moved on; the page needs a fresh start.